 Dungeon Crawl Stone Soup version 0.18.1-8-gdd0e5ea (webtiles) character file.

64 Ijustatesigmund the Sneak (level 3, 0/19 HPs)
             Began as a Spriggan Assassin on May 21, 2016.
             Slain by Ashar's ghost (9 damage)
             ... on level 3 of the Dungeon.
             The game lasted 00:03:19 (2096 turns).

Ijustatesigmund the Sneak (Spriggan Assassin)       Turns: 2096, Time: 00:03:20

Health: 0/19       AC:  3    Str:  7    XL:     3   Next: 91%
Magic:  4/4        EV: 17    Int: 12    God:
Gold:   59         SH:  0    Dex: 18    Spells: 0 memorised, 2 levels left

rFire  . . .     SeeInvis +     a - +2 dagger
rCold  . . .     Gourm    .     c - +0 robe
rNeg   . . .     Faith    .     (shield restricted)
rPois  .         Spirit   .     (helmet restricted)
rElec  .         Dismiss  .     d - +0 cloak
rCorr  .         Reflect  .     (gloves unavailable)
SustAt .         Harm     .     (boots unavailable)
MR     .....                    (no amulet)
Stlth  ++++......               (no ring)
                                (no ring)

@: very quick, not resistant to hostile enchantments, stealthy
A: unfitting armour, see invisible, herbivore 3, speed 3, slow metabolism 2
a: no special abilities


You were on level 3 of the Dungeon.
You were not hungry.

You visited 1 branch of the dungeon, and saw 3 of its levels.

You collected 59 gold pieces.

Inventory:

Hand Weapons
 a - a +2 dagger (weapon)
 b - a +1 blowgun
Missiles
 e - 21 poisoned needles
 f - 2 curare-tipped needles
Armour
 c - a +0 robe (worn)
 d - a +0 cloak (worn)
Scrolls
 j - a scroll of remove curse
 k - a scroll of immolation
Potions
 h - 2 potions of haste {unknown}
 n - a potion of magic
Comestibles
 g - a bread ration


   Skills:
 + Level 2.4 Fighting
 + Level 3.2 Short Blades
 - Level 2.0 Throwing
 - Level 1.5 Dodging
 + Level 6.7 Stealth


You had 2 spell levels left.
You didn't know any spells.

Dungeon Overview and Level Annotations

Branches:
Dungeon (3/15)

Altars:

Annotations:
D:3 Ashar's ghost, weakling DsFi


Innate Abilities, Weirdness & Mutations

You are tiny and cannot use many weapons and most armour.
You have supernaturally acute eyesight.
You are a herbivore.
You cover ground extremely quickly.
You need consume almost no food.


Message History

The goblin wields a hunting sling.
The goblin shoots a stone.
The stone hits you.
You see here a stone.
The goblin shoots a stone.
The stone completely misses you.
Found 10 gold pieces.
You see here a stone.
You see here 10 gold pieces.
You now have 59 gold pieces (gained 10).
Found 8 gold pieces.
A goblin comes into view.
The goblin shouts!
The goblin hits you.
You barely miss the goblin. The goblin misses you.
You hit the goblin but do no damage.
Ashar's ghost screams, "Don't try to defend!
You have no chance!"
You hit the goblin.
You kill the goblin!
You hit Ashar's ghost but do no damage. Ashar's ghost hits you.
You barely miss Ashar's ghost. Ashar's ghost hits you!
You die...

#...............#
#...................
#...................
#...................
#.........>........#
#......)...........#
##.................#
##.........†..$...#
#........#@......#
#........W..!....#####
#......<#..##.#.$....#
#.......##.##.#......#
#.......##..#........#
#.......###..#.#.....#
#...Wg.?# ##..........
#....(..# ##.........
#.....g.# ##.#.....


You could see Ashar's ghost.

Vanquished Creatures
  An adder (D:2)
  An ooze (D:2)
  A worm (D:3)
  3 dart slugs
  2 giant geckos
  5 bats
  2 giant cockroaches
  5 goblins
  7 hobgoblins
  5 kobolds
  A ball python (D:1)
  2 giant newts (D:2)
  2 rats
37 creatures vanquished.

Vanquished Creatures (others)
  5 toadstools (D:1)
5 creatures vanquished.

Grand Total: 42 creatures vanquished

Notes
Turn   | Place    | Note
--------------------------------------------------------------
     0 | D:1      | Ijustatesigmund the Spriggan Assassin began the quest for the Orb.
     0 | D:1      | Reached XP level 1. HP: 10/10 MP: 2/2
   255 | D:1      | Reached skill level 6 in Stealth
   262 | D:1      | Reached XP level 2. HP: 15/15 MP: 3/3
  1141 | D:2      | Reached XP level 3. HP: 18/18 MP: 4/4
  2042 | D:3      | Noticed Ashar's ghost (weakling DsFi)
  2096 | D:3      | Slain by Ashar's ghost

Skill      XL: |  1  2  3 |
---------------+----------+-----
Stealth        | 6 |  6.7
Fighting       | 2 |  2.4
Short Blades   | 3 |  3.2
Throwing       | |  2.0
Dodging        | |  1.5

Action                   || total
-------------------------++-------
Melee: Dagger            ||   118
  Use: Scroll            ||     7
 Stab: Sleeping          ||    17
Armor: Robe              ||    12
Dodge: Dodged            ||    81
